[ AOE2 MATCH · #472366409 ]
UnrankedCelts vs Vikings
Player's team · WIN
Rival team · LOSS
[ REPLAY ANALYSIS · EXTRACTED FROM THE RECORDED GAME ]
Feudal
10:20
Castle
21:30
Imperial
34:14
| APM avg | 66.8 |
| APM peak | 106 |
| eAPM avg | 28.9 |
| Villagers / military | 177 / 63 |
Focus
⚔️ 26.8% · 🌾 73.2%
Woad Raider ×29 · Skirmisher ×18 · Monk ×5 · Archer ×4 · Militia ×3 · Mangonel ×2
Feudal
9:18
Castle
20:43
Imperial
37:50
| APM avg | 50.4 |
| APM peak | 94 |
| eAPM avg | 24.8 |
| Villagers / military | 123 / 101 |
Focus
⚔️ 29.7% · 🌾 70.3%
Archer ×56 · Scout Cavalry ×23 · Knight ×16 · Militia ×3 · Monk ×2 · Mangonel ×1
Match map
Initial resources + every placement click. Lines = walls · curves = elevation contours. ◆ gold · ⬟ stone · ● berries · ✦ relic · ◌ wall gap
Your base· Open — unwalled flank
The_FedeRateuR's base· Open — 2t gap
Smoothed initial terrain · ◌ = detected wall gap · hover for details
Inputs per minute
— squashy5000 - - The_FedeRateuR
Build order — squashy5000
First 150 of 436 actions detected
| 0:00 | Create | Villager (Male) |
| 0:01 | Build | House |
| 0:04 | Build | House |
| 0:05 | Create | Villager (Male) |
| 0:06 | Create | Villager (Male) |
| 0:06 | Create | Villager (Male) |
| 1:28 | Create | Villager (Male) |
| 1:47 | Build | Lumber Camp |
| 2:00 | Create | Villager (Male) |
| 2:19 | Create | Villager (Male) |
| 2:19 | Create | Villager (Male) |
| 2:49 | Create | Villager (Male) |
| 3:09 | Create | Villager (Male) |
| 3:36 | Create | Villager (Male) |
| 3:53 | Create | Villager (Male) |
| 3:58 | Build | House |
| 4:23 | Create | Villager (Male) |
| 4:44 | Build | Barracks |
| 4:46 | Create | Villager (Male) |
| 5:20 | Create | Villager (Male) |
| 5:34 | Build | House |
| 5:35 | Create | Militia |
| 5:39 | Create | Militia |
| 5:41 | Create | Villager (Male) |
| 6:02 | Build | Palisade Wall |
| 6:02 | Build | Palisade Wall |
| 6:03 | Build | Palisade Wall |
| 6:03 | Build | Palisade Wall |
| 6:13 | Create | Villager (Male) |
| 6:22 | Build | Mill |
| 6:41 | Create | Villager (Male) |
| 7:03 | Create | Villager (Male) |
| 7:07 | Research | Loom |
| 7:28 | Create | Villager (Male) |
| 7:30 | Build | House |
| 7:41 | Build | Mill |
| 8:10 | Research | Feudal Age |
| 8:49 | Build | Mining Camp |
| 9:19 | Build | Lumber Camp |
| 10:02 | Create | Militia |
| 10:09 | Build | Farm |
| 10:13 | Build | House |
| 10:14 | Create | Villager (Male) |
| 10:20 | Age | Feudal Age |
| 10:23 | Build | Palisade Wall |
| 10:24 | Build | Palisade Wall |
| 10:26 | Create | Villager (Male) |
| 10:38 | Create | Villager (Male) |
| 10:40 | Build | Palisade Wall |
| 10:54 | Build | Archery Range |
| 10:59 | Build | Farm |
| 11:02 | Research | Man-at-Arms (upgrade) |
| 11:02 | Research | Man-at-Arms (upgrade) |
| 11:05 | Research | Double-Bit Axe |
| 11:10 | Build | House |
| 11:11 | Create | Villager (Male) |
| 11:19 | Build | Palisade Gate |
| 11:27 | Create | Villager (Male) |
| 11:41 | Build | House |
| 11:42 | Create | Villager (Male) |
| 11:48 | Build | Farm |
| 12:08 | Build | Farm |
| 12:10 | Build | Farm |
| 12:12 | Create | Archer |
| 12:16 | Build | House |
| 12:21 | Create | Villager (Male) |
| 12:27 | Create | Villager (Male) |
| 12:29 | Build | House |
| 12:30 | Build | House |
| 12:31 | Create | Villager (Male) |
| 12:39 | Create | Villager (Male) |
| 12:46 | Build | House |
| 13:08 | Create | Villager (Male) |
| 13:13 | Build | Blacksmith |
| 13:14 | Build | Farm |
| 13:23 | Build | Farm |
| 13:27 | Research | Horse Collar |
| 13:30 | Build | Palisade Wall |
| 13:31 | Create | Villager (Male) |
| 13:39 | Create | Villager (Male) |
| 13:41 | Create | Archer |
| 13:55 | Create | Villager (Male) |
| 13:57 | Build | Palisade Wall |
| 13:57 | Build | Palisade Wall |
| 14:04 | Create | Skirmisher |
| 14:12 | Research | Fletching |
| 14:26 | Build | House |
| 14:28 | Build | Palisade Wall |
| 14:28 | Build | Palisade Wall |
| 14:29 | Create | Villager (Male) |
| 14:31 | Build | Farm |
| 14:33 | Build | Palisade Wall |
| 14:43 | Create | Skirmisher |
| 14:44 | Build | Farm |
| 14:48 | Build | Farm |
| 14:56 | Create | Villager (Male) |
| 15:02 | Create | Villager (Male) |
| 15:08 | Create | Archer |
| 15:11 | Create | Villager (Male) |
| 15:18 | Build | House |
| 15:19 | Build | House |
| 15:24 | Create | Villager (Male) |
| 15:40 | Build | Farm |
| 15:42 | Build | Farm |
| 15:45 | Create | Skirmisher |
| 15:52 | Create | Villager (Male) |
| 15:59 | Build | Farm |
| 16:05 | Create | Villager (Male) |
| 16:09 | Create | Villager (Male) |
| 16:32 | Create | Villager (Male) |
| 16:41 | Build | House |
| 16:46 | Create | Archer |
| 16:51 | Build | Farm |
| 16:54 | Build | Farm |
| 16:59 | Build | Farm |
| 17:04 | Build | Farm |
| 17:18 | Create | Villager (Male) |
| 17:49 | Create | Villager (Male) |
| 18:08 | Build | Market |
| 18:19 | Create | Villager (Male) |
| 18:50 | Research | Castle Age |
| 19:09 | Research | Padded Archer Armor |
| 19:20 | Create | Skirmisher |
| 19:38 | Create | Villager (Male) |
| 20:05 | Research | Gold Mining |
| 20:43 | Create | Skirmisher |
| 20:44 | Build | Archery Range |
| 21:14 | Create | Skirmisher |
| 21:30 | Age | Castle Age |
| 21:34 | Build | Town Center |
| 21:36 | Research | Bodkin Arrow |
| 21:37 | Create | Villager (Male) |
| 21:39 | Build | Town Center |
| 21:41 | Research | Elite Skirmisher (upgrade) |
| 21:47 | Build | Siege Workshop |
| 21:51 | Build | Farm |
| 22:01 | Research | Leather Archer Armor |
| 22:02 | Create | Villager (Male) |
| 22:18 | Research | Bow Saw |
| 22:24 | Build | Town Center |
| 22:32 | Create | Mangonel |
| 22:33 | Create | Villager (Male) |
| 22:49 | Create | Villager (Male) |
| 22:59 | Create | Villager (Male) |
| 22:59 | Create | Villager (Male) |
| 23:01 | Build | Farm |
| 23:13 | Create | Villager (Male) |
| 23:19 | Create | Villager (Male) |
| 23:26 | Build | Farm |
| 23:28 | Build | Farm |
Build order — The_FedeRateuR
First 150 of 372 actions detected
| 0:01 | Create | Villager (Male) |
| 0:01 | Create | Villager (Male) |
| 0:01 | Create | Villager (Male) |
| 0:02 | Build | House |
| 0:03 | Build | House |
| 0:07 | Create | Villager (Male) |
| 1:31 | Create | Villager (Male) |
| 2:01 | Create | Villager (Male) |
| 2:17 | Create | Villager (Male) |
| 2:21 | Build | Lumber Camp |
| 2:48 | Create | Villager (Male) |
| 3:06 | Create | Villager (Male) |
| 3:25 | Build | House |
| 3:26 | Build | House |
| 3:36 | Create | Villager (Male) |
| 4:11 | Create | Villager (Male) |
| 4:11 | Create | Villager (Male) |
| 4:34 | Build | Mill |
| 5:03 | Create | Villager (Male) |
| 5:03 | Create | Villager (Male) |
| 5:24 | Create | Villager (Male) |
| 5:46 | Create | Villager (Male) |
| 5:46 | Create | Villager (Male) |
| 5:47 | Create | Villager (Male) |
| 5:51 | Research | Loom |
| 5:58 | Create | Villager (Male) |
| 6:24 | Research | Loom |
| 7:02 | Build | Barracks |
| 7:08 | Research | Feudal Age |
| 7:56 | Create | Militia |
| 7:56 | Create | Militia |
| 8:31 | Create | Militia |
| 8:34 | Build | Mining Camp |
| 8:39 | Create | Villager (Male) |
| 8:39 | Create | Villager (Male) |
| 9:00 | Build | Mill |
| 9:17 | Create | Villager (Male) |
| 9:17 | Create | Villager (Male) |
| 9:18 | Age | Feudal Age |
| 9:28 | Research | Double-Bit Axe |
| 9:44 | Create | Villager (Male) |
| 9:52 | Create | Villager (Male) |
| 10:09 | Build | Archery Range |
| 10:40 | Create | Villager (Male) |
| 10:40 | Create | Villager (Male) |
| 10:46 | Build | House |
| 10:50 | Research | Town Watch |
| 10:54 | Create | Villager (Male) |
| 11:00 | Create | Villager (Male) |
| 11:07 | Create | Archer |
| 11:17 | Build | House |
| 11:25 | Create | Villager (Male) |
| 11:31 | Build | Farm |
| 11:33 | Build | Farm |
| 11:35 | Build | Farm |
| 11:49 | Create | Villager (Male) |
| 11:52 | Build | Blacksmith |
| 11:54 | Build | Palisade Wall |
| 11:57 | Build | Palisade Wall |
| 12:06 | Create | Villager (Male) |
| 12:13 | Create | Archer |
| 12:23 | Create | Villager (Male) |
| 12:45 | Build | Farm |
| 12:52 | Research | Fletching |
| 13:05 | Build | Farm |
| 13:17 | Create | Archer |
| 13:30 | Build | House |
| 13:33 | Build | Palisade Wall |
| 13:35 | Build | Palisade Wall |
| 13:37 | Create | Villager (Male) |
| 13:37 | Create | Villager (Male) |
| 13:38 | Create | Villager (Male) |
| 13:42 | Build | Farm |
| 13:53 | Build | Watch Tower |
| 13:56 | Create | Archer |
| 14:06 | Build | Palisade Wall |
| 14:23 | Create | Villager (Male) |
| 14:23 | Create | Villager (Male) |
| 14:24 | Create | Villager (Male) |
| 14:26 | Build | Farm |
| 14:34 | Create | Archer |
| 14:44 | Build | Farm |
| 14:54 | Build | House |
| 14:56 | Build | Palisade Wall |
| 15:09 | Build | House |
| 15:12 | Build | House |
| 15:14 | Build | House |
| 15:18 | Build | House |
| 15:35 | Create | Archer |
| 15:35 | Create | Archer |
| 15:40 | Build | Farm |
| 15:45 | Build | House |
| 15:46 | Build | Palisade Wall |
| 16:12 | Build | Lumber Camp |
| 16:42 | Create | Archer |
| 16:42 | Create | Archer |
| 16:43 | Create | Villager (Male) |
| 16:43 | Create | Villager (Male) |
| 16:43 | Create | Villager (Male) |
| 16:45 | Build | Farm |
| 17:21 | Build | Stable |
| 17:22 | Build | House |
| 17:23 | Build | Palisade Wall |
| 17:25 | Build | Palisade Wall |
| 17:28 | Create | Archer |
| 17:48 | Build | Farm |
| 18:03 | Research | Castle Age |
| 18:12 | Create | Archer |
| 18:30 | Build | Archery Range |
| 18:45 | Build | Lumber Camp |
| 18:48 | Research | Horse Collar |
| 18:51 | Research | Gold Mining |
| 18:55 | Create | Archer |
| 18:57 | Create | Archer |
| 19:26 | Create | Archer |
| 19:29 | Create | Scout Cavalry |
| 19:40 | Build | Farm |
| 19:43 | Build | Farm |
| 19:46 | Build | Farm |
| 19:48 | Create | Scout Cavalry |
| 19:55 | Research | Padded Archer Armor |
| 19:56 | Create | Archer |
| 19:57 | Create | Archer |
| 20:02 | Build | Farm |
| 20:18 | Create | Scout Cavalry |
| 20:23 | Create | Archer |
| 20:35 | Create | Archer |
| 20:43 | Age | Castle Age |
| 20:52 | Research | Crossbowman (upgrade) |
| 21:04 | Build | Farm |
| 21:05 | Build | Farm |
| 21:06 | Build | Farm |
| 21:13 | Create | Villager (Male) |
| 21:13 | Create | Villager (Male) |
| 21:25 | Build | Siege Workshop |
| 21:29 | Build | Farm |
| 21:30 | Build | Farm |
| 21:32 | Create | Villager (Male) |
| 21:41 | Create | Knight |
| 21:51 | Create | Villager (Male) |
| 21:55 | Build | Farm |
| 21:57 | Build | Farm |
| 22:05 | Build | Farm |
| 22:07 | Build | Farm |
| 22:13 | Research | Bow Saw |
| 22:15 | Create | Knight |
| 22:26 | Create | Villager (Male) |
| 22:34 | Create | Archer |
| 22:34 | Create | Archer |
| 22:34 | Create | Archer |
Match timeline
| 4:44 | squashy5000 · first_building Barracks |
| 6:02 | squashy5000 · wall_segment Palisade Wall x1 |
| 6:02 | squashy5000 · wall_segment Palisade Wall x1 |
| 6:03 | squashy5000 · wall_segment Palisade Wall x1 |
| 6:03 | squashy5000 · wall_segment Palisade Wall x1 |
| 7:02 | The_FedeRateuR · first_building Barracks |
| 9:18 | The_FedeRateuR · age_up feudal |
| 10:09 | The_FedeRateuR · first_building Archery Range |
| 10:20 | squashy5000 · age_up feudal |
| 10:23 | squashy5000 · wall_segment Palisade Wall x1 |
| 10:24 | squashy5000 · wall_segment Palisade Wall x1 |
| 10:40 | squashy5000 · wall_segment Palisade Wall x1 |
| 10:54 | squashy5000 · first_building Archery Range |
| 11:54 | The_FedeRateuR · wall_segment Palisade Wall x5 |
| 11:57 | The_FedeRateuR · wall_segment Palisade Wall x4 |
| 13:30 | squashy5000 · wall_segment Palisade Wall x5 |
| 13:33 | The_FedeRateuR · wall_segment Palisade Wall x3 |
| 13:35 | The_FedeRateuR · wall_segment Palisade Wall x2 |
| 13:57 | squashy5000 · wall_segment Palisade Wall x1 |
| 13:57 | squashy5000 · wall_segment Palisade Wall x1 |
| 14:06 | The_FedeRateuR · wall_segment Palisade Wall x1 |
| 14:28 | squashy5000 · wall_segment Palisade Wall x1 |
| 14:28 | squashy5000 · wall_segment Palisade Wall x1 |
| 14:33 | squashy5000 · wall_segment Palisade Wall x1 |
| 14:56 | The_FedeRateuR · wall_segment Palisade Wall x5 |
| 15:46 | The_FedeRateuR · wall_segment Palisade Wall x1 |
| 17:21 | The_FedeRateuR · first_building Stable |
| 17:23 | The_FedeRateuR · wall_segment Palisade Wall x1 |
| 17:25 | The_FedeRateuR · wall_segment Palisade Wall x5 |
| 20:43 | The_FedeRateuR · age_up castle |
| 21:25 | The_FedeRateuR · first_building Siege Workshop |
| 21:30 | squashy5000 · age_up castle |
| 21:47 | squashy5000 · first_building Siege Workshop |
| 22:21 | squashy5000 · first_market_buy 100 stone |
| 23:20 | The_FedeRateuR · first_building Monastery |
| 23:40 | squashy5000 · first_building Monastery |
| 25:04 | The_FedeRateuR · first_market_buy 100 stone |
| 25:57 | The_FedeRateuR · first_market_sell 100 food |
| 30:18 | squashy5000 · first_building Castle |
| 30:23 | squashy5000 · wall_segment Stone Wall x1 |
| 30:31 | squashy5000 · wall_segment Palisade Wall x1 |
| 30:53 | squashy5000 · wall_segment Palisade Wall x1 |
| 32:46 | The_FedeRateuR · first_building Castle |
| 33:11 | squashy5000 · wall_segment Stone Wall x1 |
| 33:12 | squashy5000 · wall_segment Stone Wall x1 |
| 33:12 | squashy5000 · wall_segment Stone Wall x1 |
| 33:14 | squashy5000 · wall_segment Stone Wall x1 |
| 34:14 | squashy5000 · age_up imperial |
| 37:50 | The_FedeRateuR · age_up imperial |
| 37:52 | The_FedeRateuR · resign |
[ AI ANALYSIS · 1 CREDIT ]
What really happened in this match?
Wolo.gg analyzes every decision: build order, eco, micro, common mistakes by bracket. Personalized analysis on WhatsApp or Discord in 30 seconds.
Civ guide
Celts
Perfil
Jugador #2194634